 Dungeon Crawl Stone Soup version 0.28.0-1-gb440e238dd (webtiles) character file.

Game seed: 1411088593382908032

13674 pkoi the Martial Artist (level 11, 0/89 HPs)
             Began as a Grey Draconian Monk on Feb 24, 2022.
             Was an Initiate of Gozag.
             Slain by a spriggan (8 damage)
             ... on level 2 of the Lair of Beasts.
             The game lasted 00:24:32 (15360 turns).

pkoi the Martial Artist (Grey Draconian Monk)      Turns: 15360, Time: 00:24:32

Health: 0/89       AC: 17    Str: 11    XL:     11   Next: 78%
Magic:  15/19      EV: 22    Int: 14    God:    Gozag
Gold:   1247       SH:  0    Dex: 15    Spells: 15/21 levels left

rFire   . . .      SeeInvis .     - Unarmed
rCold   . . .      Faith    .   (no shield)
rNeg    . . .      Spirit   .   (armour unavailable)
rPois   .          Reflect  .   (helmet restricted)
rElec   .          Harm     .   u - +0 cloak
rCorr   .          Rampage  .   q - +2 pair of gloves
Will    .....                   B - +0 pair of boots
Stlth   ++........              (no amulet)
HPRegen 0.24/turn               r - +4 ring of evasion
MPRegen 0.16/turn               p - +4 ring of evasion

@: gold aura, flying
A: AC +12, amphibious, unfitting armour, cold-blooded, big wings, weak 1
a: Renounce Religion, Potion Petition, Call Merchant, Bribe Branch


You were on level 2 of the Lair of Beasts.
You worshipped Gozag.
Gozag was most pleased with you.
You visited 3 branches of the dungeon, and saw 13 of its levels.

You collected 1980 gold pieces.
You paid 733 gold pieces to Gozag.

Inventory:

Hand Weapons
 b - a +1 hunting sling of venom
 c - a +0 whip
 w - the +6 long sword "Wanwythro" {holy, rF+ rC++ Dex-2 SInv}
   (You took it off an orc on level 6 of the Dungeon)

   It has been blessed by the Shining One to cause great damage to the undead
   and demons.
   Dex:       It affects your dexterity (-2).
   rF:        It protects you from fire.
   rC:        It greatly protects you from cold.
   SInv:      It lets you see invisible.
Missiles
 h - 305 stones
 k - a curare-tipped dart
 y - 27 poisoned darts
Armour
 q - a +2 pair of gloves (worn)
 u - a +0 cloak (worn)
 v - a scarf of shadows
 B - a +0 pair of boots (worn)
Jewellery
 f - a ring of ice
 p - a +4 ring of evasion (right hand)
 r - a +4 ring of evasion (left hand)
Wands
 l - a wand of flame (30)
 F - a wand of paralysis (9)
Scrolls
 j - 2 scrolls of enchant weapon
 m - 5 scrolls of teleportation
 n - 2 scrolls of amnesia
 s - 2 scrolls of fear
Potions
 d - 2 potions of might
 e - 4 potions of curing
 g - a potion of resistance
 o - a potion of brilliance
 t - a potion of magic
 E - a potion of ambrosia
 G - 2 potions of cancellation


   Skills:
 - Level 6.0 Fighting
 - Level 6.0 Dodging
 - Level 3.0 Stealth
 + Level 13.1 Unarmed Combat
 + Level 5.7 Spellcasting
 + Level 5.2 Summonings
 - Level 3.0 Transmutations
 - Level 6.0 Earth Magic
 - Level 6.0 Evocations


You had 15 spell levels left.
You knew the following spells:

 Your Spells              Type           Power      Damage    Failure   Level
a - Sandblast             Erth           40%        2d10      1%          1
b - Passwall              Tmut/Erth      13%        N/A       3%          2
c - Call Canine Familiar  Summ           18%        N/A       6%          3

Your spell library contained the following spells:

 Spells                   Type           Power      Damage    Failure   Level
 Stone Arrow              Conj/Erth      24%        3d8       14%         3
 Animate Skeleton         Necr           8%         N/A       16%         1
 Freeze                   Ice            16%        1d4       16%         1
 Magic Dart               Conj           16%        1d3       16%         1
 Pain                     Necr           16%        1d4       16%         1
 Scorch                   Fire           8%         2d5       24%         2
 Searing Ray              Conj           8%         2d4       24%         2
 Frozen Ramparts          Ice            8%         1d2       43%         3
 Vampiric Draining        Necr           4%         2d6       43%         3
 Flame Wave               Conj/Fire      4%         2d5       85%         4
 Fulminant Prism          Conj/Hex       2%         3d6       85%         4
 Hailstorm                Conj/Ice       4%         3d4       85%         4
 Summon Cactus Giant      Summ           9%         N/A       96%         6
 Fireball                 Conj/Fire      2%         3d4       99%         5
 Starburst                Conj/Fire      2%         6d3       100%        6
 Summon Hydra             Summ           9%         N/A       100%        7
 Ignition                 Fire           2%         3d3       100%        8
 Summon Horrible Things   Summ           9%         N/A       100%        8


Dungeon Overview and Level Annotations

Branches:
Dungeon (9/15)             Temple (1/1) D:7            Lair (3/6) D:9
  Snake (0/4) Lair:2
  Swamp: Lair:2-4    Shoals: Lair:2-4       Orc: D:9-12

Altars:
Ashenzari
Fedhas
Gozag
Hepliaklqana
Kikubaaqudgha
Makhleb
Nemelex Xobeh
Qazlal
Ru
Trog
Uskayaw
Vehumet
Wu Jian
Xom
Yredelemnul
The Shining One

Shops:
Lair:1 =

Annotations:
D:9 2 transporters, pkoi's ghost, novice DrCj


Innate Abilities, Weirdness & Mutations

Your dull iron-grey scales are very hard. (AC +12)
You are amphibious.
You cannot fit into any form of body armour.
You are cold-blooded and may be slowed by cold attacks.
Your large and strong wings let you fly.
You are weak. (Str -2)


Message History

You feel extremely sick.
There is a stone staircase leading down here.
Unknown command.
You feel better. The black mamba bites you.
* * * LOW HITPOINT WARNING * * *
The spriggan completely misses you.
You are too injured to fight recklessly!
Casting: Call Canine Familiar (dangerous; 6% risk of failure)
Press: ? - help, Q - select action, (/) - cycle Dir - look around, f - activate The black mamba bites you!
* * * LOW HITPOINT WARNING * * *
The black mamba bites you.
* * * LOW HITPOINT WARNING * * *
The spriggan completely misses you.
You miss the black mamba.
Your tail-slap misses the black mamba.
Your punch misses the black mamba.
The black mamba is lightly wounded.
The black mamba bites you but does no damage.
The spriggan misses you.
Your hound misses the black mamba.
Unknown command.
You miss the black mamba.
Your tail-slap misses the black mamba.
The black mamba is lightly wounded.
The black mamba barely misses you. The black mamba bites you!
* * * LOW HITPOINT WARNING * * *
You are lethally poisoned!
The black mamba poisons you!
Your hound barely misses the black mamba.
You punch the black mamba! You tail-slap the black mamba.
The black mamba is moderately wounded.
* * * LOW HITPOINT WARNING * * *
You feel very sick. The black mamba closely misses you.
The spriggan misses you.
Your hound bites the black mamba.
Unknown command.
You feel better. The black mamba bites you.
* * * LOW HITPOINT WARNING * * *
Your hound bites the black mamba.
The spriggan hits you with a +0 short sword!
You die...
Your body crumbles into a pile of gold.

################## ###
###P.P#...P....#P..####P######
###..............>.............##
#P..............................#
............................!...#
.................................
................@Sh..............
.................i...............
...####################.#.##.#...
..## #########.. .## #.. ..## ###
##.. ...## ######## #####.#
###...
....####...##.####...#.#####.....
..............................<..


You could see a black mamba (ally target), a spriggan and a friendly hound
(summoned).

Vanquished Creatures
  Gastronok (Lair:1)
  2 hydras
  2 black mambas (Lair:3)
  2 cane toads (Lair:2)
  2 komodo dragons (Lair:1)
  A troll (D:5)
  A hornet (D:8)
  Grinder (D:3)
  9 blink frogs (Lair:2)
  Prince Ribbit (D:8)
  A spriggan (Lair:3)
  A vampire (D:8)
  6 yaks
  3 basilisks
  6 wyverns
  A steam dragon (D:8)
  Grum (Lair:1)
  A naga (Lair:2)
  10 water moccasins
  A sky beast (D:6)
  2 black bears
  An ogre (D:6)
  A necrophage (D:6)
  2 centaurs (D:9)
  8 wolves
  4 kobold brigands
  2 scorpions
  6 bullfrogs
  A wyvern zombie (D:8)
  A wyvern skeleton (D:7)
  4 howler monkeys
  6 wights (D:8)
  A crimson imp (D:6)
  3 centaur zombies
  A hound (D:6)
  4 orc priests
  A bullfrog skeleton (D:3)
  2 jellies
  2 centaur skeletons
  An iguana (D:5)
  4 orc wizards
  A hound skeleton (D:2)
  2 howler monkey zombies
  A howler monkey skeleton (D:5)
  2 gnolls (D:6)
  3 river rats (D:6)
  6 adders
  2 white imps (D:6)
  2 dart slugs
  A worm (D:2)
  21 orcs
  9 endoplasms
  6 giant cockroaches
  7 goblins
  9 hobgoblins
  4 quokkas
  6 ball pythons
  5 bats
  2 frilled lizards
  22 kobolds
  5 rats
226 creatures vanquished.

Vanquished Creatures (others)
  6 fungi
  123 plants
129 creatures vanquished.

Grand Total: 355 creatures vanquished

Notes
Turn   | Place    | Note
-------+----------+-------------------------------------------
     0 | D:1      | pkoi the Draconian Monk began the quest for the Orb.
     0 | D:1      | Reached XP level 1. HP: 19/19 MP: 1/1
   210 | D:1      | Reached XP level 2. HP: 20/26 MP: 2/2
   634 | D:1      | Reached skill level 4 in Unarmed Combat
  1110 | D:2      | Reached XP level 3. HP: 27/31 MP: 3/3
  1635 | D:2      | Reached skill level 1 in Evocations
  1684 | D:2      | Reached XP level 4. HP: 34/38 MP: 4/4
  1884 | D:2      | Found a faded altar of an unknown god.
  2279 | D:3      | Found an opulent altar of Gozag.
  2289 | D:3      | Became a worshipper of Gozag Ym Sagoz the Greedy
  2368 | D:3      | Reached skill level 5 in Unarmed Combat
  2392 | D:3      | Noticed Grinder
  2572 | D:2      | Reached XP level 5. HP: 39/46 MP: 5/5
  3355 | D:4      | You fall into a shaft and drop 2 floors!
  3362 | D:6      | Reached XP level 6. HP: 51/52 MP: 6/6
  3380 | D:5      | Entered Level 5 of the Dungeon
  3579 | D:4      | Reached skill level 6 in Unarmed Combat
  3600 | D:4      | Got Degam's Compendium of the Entourage
  3809 | D:5      | Found a bloodstained altar of Trog.
  4319 | D:5      | Noticed a troll
  4571 | D:6      | Found a blossoming altar of Fedhas.
  5034 | D:6      | Your scales start taking on a dull iron-grey colour.
  5034 | D:6      | Reached XP level 7. HP: 59/59 MP: 7/7
  5104 | D:6      | Found a radiant altar of Vehumet.
  5166 | D:6      | Identified the +6 long sword "Wanwythro" {holy, rF+ rC++
                  | Dex-2 SInv}
  5198 | D:6      | Reached skill level 7 in Unarmed Combat
  5480 | D:6      | Reached skill level 8 in Unarmed Combat
  5497 | D:6      | Found a burning altar of Makhleb.
  5497 | D:6      | Found a shimmering altar of Xom.
  6377 | D:5      | Killed a troll
  6378 | D:5      | Reached skill level 9 in Unarmed Combat
  6378 | D:5      | Reached XP level 8. HP: 49/66 MP: 8/8
  7029 | D:3      | Killed Grinder
  7291 | D:7      | Reached skill level 5 in Fighting
  7462 | D:7      | Learned a level 1 spell: Sandblast
  7465 | D:7      | Learned a level 2 spell: Passwall
  7631 | D:7      | Found a staircase to the Ecumenical Temple.
  7641 | Temple   | Entered the Ecumenical Temple
  8270 | D:8      | Reached skill level 1 in Spellcasting
  8270 | D:8      | Reached skill level 1 in Transmutations
  8270 | D:8      | Reached skill level 1 in Earth Magic
  8485 | D:8      | Noticed a hornet
  8491 | D:8      | Killed a hornet
  8492 | D:8      | Reached XP level 9. HP: 74/74 MP: 9/11
  9247 | D:8      | Noticed Prince Ribbit
  9256 | D:8      | Killed Prince Ribbit
  9490 | D:8      | Reached skill level 10 in Unarmed Combat
  9640 | D:9      | Noticed pkoi's ghost (novice DrCj)
  9640 | D:9      | Found a transporter.
  9642 | D:9      | Identified the +4 great mace of Crystal {vorpal, Will+
                  | Int+2}
  9642 | D:9      | Noticed a two-headed ogre
  9644 | D:9      | Noticed a two-headed ogre
  9663 | D:8      | Reached skill level 5 in Dodging
  9967 | D:9      | Noticed a two-headed ogre
  9969 | D:9      | Noticed a two-headed ogre
  9988 | D:9      | Found a transporter.
 10179 | D:9      | Gained mutation: You are weak. (Str -2) [potion of
                  | mutation]
 10179 | D:9      | Gained mutation: Your large and strong wings let you fly.
                  | [potion of mutation]
 10467 | D:9      | Reached skill level 5 in Earth Magic
 10504 | D:9      | Reached XP level 10. HP: 77/83 MP: 14/14
 10720 | D:9      | Found a staircase to the Lair.
 11134 | D:9      | Reached skill level 11 in Unarmed Combat
 11616 | D:9      | Learned a level 3 spell: Call Canine Familiar
 11642 | Lair:1   | Entered Level 1 of the Lair of Beasts
 11960 | Lair:1   | Reached skill level 1 in Summonings
 12194 | Lair:1   | Noticed a five-headed hydra
 12216 | Lair:1   | Killed a five-headed hydra
 12418 | Lair:1   | Noticed Gastronok
 12449 | Lair:1   | Killed Gastronok
 12450 | Lair:1   | Reached skill level 12 in Unarmed Combat
 12501 | Lair:1   | Noticed Grum
 12514 | Lair:1   | Killed Grum
 12644 | Lair:1   | Reached skill level 5 in Evocations
 12799 | Lair:1   | Reached XP level 11. HP: 87/89 MP: 16/16
 13505 | Lair:2   | Found a staircase to the Snake Pit.
 14796 | Lair:2   | Reached skill level 5 in Spellcasting
 15236 | Lair:3   | Reached skill level 13 in Unarmed Combat
 15343 | Lair:3   | Noticed a four-headed hydra
 15352 | Lair:3   | Killed a four-headed hydra
 15353 | Lair:3   | Reached skill level 5 in Summonings
 15360 | Lair:2   | Slain by a spriggan

Illustrated notes

Levels and vault maps discovered:
D:1:      scummos_arrival_forest, layout_rooms
D:2:      layout_rooms, dreamdust_ecumenical_altar_hidden_monk_grotto,
          kennysheep_boxes
D:3:      layout_rooms, mainiacjoe_overflow_24_doors, serial_curves,
          eino_curves_02, eino_curves_03, uniq_grinder
D:4:      layout_basic
D:5:      layout_layer_cave, mainiacjoe_overflow_small_starburst
D:6:      wad_woods_tower, layout_loops_ring,
          grunt_temple_overflow_champion_of_chaos, mainiacjoe_overflow_alcove_1,
          amcnicky_altar_gilded
D:7:      layout_cave_pools, minmay_temple_entry_gardened_gates
D:8:      layout_basic, uniq_prince_ribbit1
D:9:      layout_roguey, minmay_lair_entry_grove, serial_rivers,
          chequers_serial_rivers_room_a, chequers_serial_rivers_micro_e,
          chequers_serial_rivers_room_a, chequers_serial_rivers_micro_e,
          gammafunk_ghost_smash
Temple:   compressed_dpeg_circular_temple
Lair:1:   layout_concentric_octagons, uniq_gastronok, uniq_grum
Lair:2:   layout_hall_layers, guppyfry_snake_entry_garden
Lair:3:   layout_cave_pods, serial_rivers, chequers_serial_rivers_small_a,
          chequers_serial_rivers_micro_a, chequers_serial_rivers_large_b,
          chequers_serial_rivers_micro_c, chequers_serial_rivers_micro_a,
          chequers_serial_rivers_micro_c, wad_woods_02

Skill      XL: |  1  2  3  4  5  6  7  8  9 10 11 |
---------------+----------------------------------+-----
Unarmed Combat | 4 5 6 9 10 12 13 | 13.1
Evocations     | 1 2 5 6 |  6.0
Dodging        | 3 4 5 6 |  6.0
Fighting       | 4 5 6 |  6.0
Stealth        | 2 3 |  3.0
Spellcasting   | 1 3 5 |  5.7
Transmutations | 1 3 |  3.0
Earth Magic    | 1 5 6 |  6.0
Summonings     | 2 5 |  5.2

Action                   |  1- 3 |  4- 6 |  7- 9 | 10-12 || total
-------------------------+-------+-------+-------+-------++-------
Melee: Unarmed           |   113 |   107 |   275 |   294 ||   789
       Tailslap          |    14 |    23 |    58 |    47 ||   142
       Punch             |     3 |     4 |    22 |    23 ||    52
       Long sword        |       |       |    16 |       ||    16
 Fire: Hunting sling     |    10 |   104 |   133 |   168 ||   415
 Cast: Sandblast         |       |       |     2 |     5 ||     7
       Call Canine Famil |       |       |       |     3 ||     3
Invok: Call Merchant     |       |       |       |     1 ||     1
Evoke: Wand              |       |       |       |     4 ||     4
  Use: Scroll            |       |       |    15 |     2 ||    17
       Potion            |       |       |     6 |     5 ||    11
 Stab: Sleeping          |     5 |     1 |     4 |     1 ||    11
       Distracted        |       |     1 |     2 |     3 ||     6
       Invisible         |       |       |     3 |       ||     3
Armor: Skin              |    31 |    46 |   105 |    89 ||   271
Dodge: Dodged            |    57 |    82 |   222 |   318 ||   679
